 Dungeon Crawl Stone Soup version 0.32-a0-42-ga30500b4d3 (webtiles) character file.

Game seed: 7053025701563921683

614 grandjackal the Trooper (level 7, -1/57 HPs)
             Began as a Demonspawn Gladiator on Jan 29, 2024.
             Slain by an iguana (6 damage)
             ... on level 5 of the Dungeon.
             The game lasted 00:03:48 (3191 turns).

grandjackal the Trooper (Demonspawn Gladiator)      Turns: 3191, Time: 00:03:49

Health: -1/57      AC:  3    Str: 15    XL:     7   Next: 20%
Magic:  7/7        EV: 12    Int:  8    God:
Gold:   178        SH:  0    Dex: 16    Spells: 6/6 levels left

rFire   . . .        a - +0 long sword
rCold   . . .        (no shield)
rNeg    . . .        b - +0 leather armour
rPois   .            (helmet restricted)
rElec   .            (cloak unavailable)
rCorr   .            (no gloves)
SInv    .            (no boots)
Will    .....        (no amulet)
Stlth   +            q - +4 ring of slaying
HPRegen 0.29/turn    (no ring)
MPRegen 0.20/turn

%: no passive effects
@: no status effects
A: hooves 1, horns 1, magic regeneration, weakness stinger 3
a: no special abilities


You were on level 5 of the Dungeon.
You visited 1 branch of the dungeon, and saw 5 of its levels.

You collected 178 gold pieces.

Inventory:

Hand Weapons
 a - a +0 long sword (weapon)
 t - a +0 dagger of venom
 u - a +2 short sword of electrocution
Missiles
 d - 3 throwing nets (quivered)
 e - a javelin
Armour
 b - a +0 leather armour (worn)
Jewellery
 q - a +4 ring of slaying (left hand)
 r - a +6 ring of intelligence
Wands
 p - a wand of iceblast (10)
 s - a wand of charming (13)
 y - a wand of flame (2)
Scrolls
 g - a scroll of butterflies {unknown}
 i - a scroll of identify {unknown}
 k - a scroll of noise {unknown}
 l - 3 scrolls of teleportation {unknown}
 m - a scroll of enchant armour {unknown}
 n - a scroll of fog {unknown}
 v - a scroll of brand weapon {unknown}
 w - a scroll of revelation {unknown}
 x - a scroll of blinking {unknown}
Potions
 f - a potion of heal wounds {unknown}
 h - 2 potions of enlightenment {unknown}
 j - 5 potions of curing {unknown}
 o - a potion of might {unknown}
 z - a potion of attraction {unknown}


   Skills:
 + Level 5.6 Fighting
 + Level 5.5 Long Blades
 - Level 2.0 Throwing
 - Level 3.0 Dodging


You had 6 spell levels left.
You didn't know any spells.
Your spell library contained the following spells:

 Spells                   Type           Power      Damage    Failure   Level
 Manifold Assault         Tloc           0%         N/A       99%         4
 Petrify                  Alch/Erth      0%         N/A       99%         4


Dungeon Overview and Level Annotations

Branches:
Dungeon (5/15)
 Temple: D:4-7

Altars:
Ashenzari
Makhleb
Qazlal
Yredelemnul


Innate Abilities, Weirdness & Mutations

You have large cloven feet.
You have a pair of small horns on your head.
You regenerate magic rapidly.
You have a sharp stinger which inflicts weakening toxins.


Message History

You destroy the phantom!
No target in view!
No target in view!
There is a stone staircase leading up here.
You hear the brisk hiss of a distant avalanche of sand.
HP restored.
There is a stone staircase leading up here.
You hear the brisk hiss of a very distant avalanche of sand.
There is an open door here.
You open the door.
Found a robe.
Found an escape hatch in the ceiling.
Found a stone staircase leading up.
There is an open door here.
You hear the quick hiss of an avalanche of sand very nearby.
You open the door.
Found 3 stones.
There is an open door here.
You see here 3 stones.
There is an open door here.
You open the door.
There is an open door here.
A sky beast comes into view.
Found a stormy altar of Qazlal.
The sky beast flickers out of sight!
Deactivating autopickup; reactivate with Ctrl-A.
An iguana comes into view.
Something hits you. Something shocks you.
You miss something. You kick something.
Your tail-slap misses something.
Something barely misses you.
You barely miss something. You kick something.
Your tail-slap misses something.
Something hits you. Something shocks you.
You miss something. Your kick misses something. Something barely misses you.
You miss something. Your kick misses something. Something hits you.
Something shocks you. Something hits you. Something shocks you.
You miss something. You headbutt something! You tail-slap something!
Something hits you. Something shocks you.
* * * LOW HITPOINT WARNING * * *
The iguana bites you!
* * * LOW HITPOINT WARNING * * *
The iguana attacks as it pursues you! The iguana bites you.
You die...

#(...#.## . ##...#... ##
. ##'###.#. #.# ##.
##...#..#. ..###.#
##......##. #.#..##
##....<..##.
..####....####.........#.
............'.........'.
.#...@.####..<......##
#...#{.l## ##.......###
#.....#..# ##.[...##
..._.....# ##...##
#.....#..# ##+##
.#...#...# #.# ..#.#....#
#.###### ........##
#######....... .......#
............##


You could see an iguana.

Vanquished Creatures
  A centaur (D:4)
  A phantom (D:5)
  A scorpion (D:4)
  2 bombardier beetles
  A hound (D:5)
  2 orc priests
  Crazy Yiuf (D:4)
  3 orc wizards
  6 adders
  3 dart slugs
  A ribbon worm (D:3)
  17 orcs
  6 ball pythons
  4 endoplasms
  2 giant cockroaches (D:3)
  6 hobgoblins
  5 kobolds
  3 quokkas
  6 bats
  A frilled lizard (D:2)
  5 goblins
  4 rats
81 creatures vanquished.

Notes
Turn   | Place    | Note
-------+----------+-------------------------------------------
     0 | D:1      | grandjackal the Demonspawn Gladiator began the quest for
                  | the Orb.
     0 | D:1      | Reached XP level 1. HP: 16/16 MP: 1/1
   211 | D:1      | Discovered your monstrous ancestry.
   211 | D:1      | Gained mutation: You have large cloven feet. [demonic
                  | ancestry]
   211 | D:1      | Reached XP level 2. HP: 19/22 MP: 2/2
   566 | D:1      | Found a faded altar of an unknown god.
  1036 | D:2      | Gained mutation: You have a small tail. [demonic ancestry]
  1036 | D:2      | Reached XP level 3. HP: 28/28 MP: 3/3
  1437 | D:3      | Gained mutation: You have a tail ending in a sharp stinger.
                  | [demonic ancestry]
  1437 | D:3      | Reached XP level 4. HP: 34/35 MP: 4/4
  1541 | D:3      | Found a basalt altar of Yredelemnul.
  1668 | D:3      | Found a burning altar of Makhleb.
  1668 | D:3      | Noticed a blizzard demon
  2063 | D:4      | Got the Discourse on Translocational Breccia
  2144 | D:4      | Gained mutation: You have a sharp stinger which inflicts
                  | weakening toxins. [demonic ancestry]
  2144 | D:4      | Reached XP level 5. HP: 32/42 MP: 5/5
  2334 | D:4      | Found a runed translucent door.
  2335 | D:4      | Noticed Crazy Yiuf
  2354 | D:4      | Found a broken altar of Ashenzari.
  2396 | D:4      | Noticed a centaur
  2399 | D:4      | Killed a centaur
  2400 | D:4      | Gained mutation: You regenerate magic rapidly. [demonic
                  | ancestry]
  2400 | D:4      | Reached XP level 6. HP: 49/49 MP: 6/6
  2607 | D:4      | Killed Crazy Yiuf
  2753 | D:5      | Entered Level 5 of the Dungeon
  2755 | D:5      | Reached skill level 5 in Fighting
  2755 | D:5      | Reached skill level 5 in Long Blades
  2974 | D:5      | Gained mutation: You have a pair of small horns on your
                  | head. [demonic ancestry]
  2974 | D:5      | Reached XP level 7. HP: 48/56 MP: 7/7
  3182 | D:5      | Found a stormy altar of Qazlal.
  3191 | D:5      | Slain by an iguana

Illustrated notes

Levels and vault maps discovered:
D:1:      ebering_hopf_link, layout_basic,
          shapermc_ecumenical_altar_mp_ritualfount
D:2:      layout_rooms, kennysheep_generic_room_16
D:3:      layout_basic, makhleb_altar_promises_db, old_standard_altar,
          serial_bayou_crossing
D:4:      layout_rooms, evilmike_ruin_ashenzari, minmay_small_thing,
          uniq_crazy_yiuf_cottage
D:5:      layout_loops_corners, nicolae_qazlal_beasts_of_the_sky,
          enter_ossuary_1, nicolae_letterblocks [nicolae_letter_subblock,
          nicolae_letter_subblock, nicolae_letter_subblock,
          nicolae_letter_subblock, nicolae_letter_subblock,
          nicolae_letter_subblock, nicolae_letter_subblock,
          nicolae_letter_subblock, nicolae_letter_subblock,
          nicolae_letter_subblock, nicolae_letter_subblock,
          nicolae_letter_subblock, nicolae_letter_subblock,
          nicolae_letter_subblock, nicolae_letter_subblock,
          nicolae_letter_subblock, nicolae_letter_subblock,
          nicolae_letter_subblock, nicolae_letter_subblock,
          nicolae_letter_subblock, nicolae_letter_subblock,
          nicolae_letter_subblock, nicolae_letter_subblock,
          nicolae_letter_subblock, nicolae_letter_subblock]

Skill      XL: |  1  2  3  4  5  6 |
---------------+-------------------+-----
Throwing       | 2 |  2.0
Long Blades    | 3 4 5 |  5.5
Dodging        | 3 |  3.0
Fighting       | 3 4 5 |  5.6

Action                     |  1- 3 |  4- 6 |  7- 9 || total
---------------------------+-------+-------+-------++-------
  Melee: Long sword        |    59 |    97 |    15 ||   171
         Kick              |     9 |    26 |     6 ||    41
         Tailslap          |     3 |    11 |     4 ||    18
         Punch             |       |     3 |       ||     3
         Headbutt          |       |       |     3 ||     3
   Stab: Distracted        |       |     1 |       ||     1
         Sleeping          |       |     1 |       ||     1
 Armour: Leather armour    |    45 |    48 |    16 ||   109
  Dodge: Dodged            |    46 |    57 |     8 ||   111

Table legend: (Time is in decaauts)
 A = Elapsed time spent in this place.
 B = Non-inter-level travel time spent in this place.
 C = Inter-level travel time spent in this place.
 D = Time resting spent in this place.
 E = Time spent auto-exploring this place.
 F = Levels seen in this place.
 G = Mean time per level.
                   A        B        C        D        E       F      G
               +--------+--------+--------+--------+--------+-----+--------+
         Total |   3238 |   3065 |    173 |    434 |   1849 |   5 |  647.6 |
       Dungeon |   3238 |   3065 |    173 |    434 |   1849 |   5 |  647.6 |
               +--------+--------+--------+--------+--------+-----+--------+

Top non-repeatable levels by time:
     D:1: 970 daAuts
     D:4: 858 daAuts
     D:3: 561 daAuts
     D:2: 462 daAuts
     D:5: 384 daAuts
